 Dungeon Crawl Stone Soup version 0.18.1-50-g88ac8fd (webtiles) character file.

136 go0n the Cudgeler (level 4, 0/46 HPs)
             Began as a Troll Berserker on Sept 16, 2016.
             Was a Believer of Trog.
             Slain by a crocodile (13 damage)
             ... in a sewer.
             The game lasted 00:07:01 (1740 turns).

go0n the Cudgeler (Troll Berserker)                 Turns: 1740, Time: 00:07:01

Health: 0/46       AC:  6    Str: 26    XL:     4   Next: 98%
Magic:  3/3        EV: 10    Int:  3    God:    Trog [**....]
Gold:   69         SH:  0    Dex:  9    Spells: 0 memorised, 3 levels left

rFire  . . .     SeeInvis .     a - +0 mace
rCold  . . .     Gourm    +     b - +0 animal skin
rNeg   + . .     Faith    .     (no shield)
rPois  .         Spirit   .     (helmet restricted)
rElec  .         Dismiss  .     h - +0 cloak
rCorr  .         Reflect  .     (gloves unavailable)
SustAt .         Harm     .     (boots unavailable)
MR     .....                    (no amulet)
Stlth  +.........               (no ring)
                                p - ring of positive energy

@: not resistant to hostile enchantments, very unstealthy
A: unfitting armour, claws 3, fast metabolism 3, gourmand, regeneration 2,
shaggy fur 1, tough skin 2
a: Berserk, Trog's Hand, Burn Spellbooks, Renounce Religion


You were in a sewer.
You worshipped Trog.
Trog was pleased with you.
You were full.

You visited 1 branch of the dungeon, and saw 3 of its levels.
You also visited: Sewer.

You collected 69 gold pieces.

Inventory:

Hand Weapons
 a - a +0 mace (weapon)
 d - a +0 flail
Armour
 b - a +0 animal skin (worn)
 h - a +0 cloak (worn)
Jewellery
 p - a ring of positive energy (left claw)
Scrolls
 f - a scroll of noise {unknown}
 i - a scroll of fog {unknown}
 j - a scroll of magic mapping {unknown}
 k - a scroll of recharging {unknown}
 m - 2 scrolls of teleportation {unknown}
 o - a scroll of identify {unknown}
Potions
 e - 3 potions of berserk rage
 g - 3 potions of brilliance {unknown}
 l - a potion of resistance {unknown}
Comestibles
 c - 3 bread rations
 n - a meat ration
 q - 2 chunks of flesh


   Skills:
 + Level 3.6 Fighting
 + Level 4.2 Maces & Flails
 - Level 2.4 Dodging


You had 3 spell levels left.
You didn't know any spells.

Dungeon Overview and Level Annotations

Branches:
Dungeon (3/15)

Altars:
Cheibriados
Dithmenos
Fedhas
Kikubaaqudgha
Nemelex Xobeh
Ru


Innate Abilities, Weirdness & Mutations

You are too large for most types of armour.
You have claws for hands.
Your metabolism is lightning-fast.
You like to eat raw meat.
You heal very quickly.
You are covered in fur (AC +1).
You have very tough skin (AC +2).


Message History

You sock the crocodile!
The crocodile is heavily wounded.
The crocodile bites you!
* * * LOW HITPOINT WARNING * * *
You sock the crocodile!
The crocodile is almost dead.
The crocodile barely misses you.
You hit the crocodile but do no damage.
The crocodile is almost dead.
The crocodile barely misses you.
You barely miss the crocodile.
The crocodile is almost dead.
The crocodile barely misses you.
You barely miss the crocodile.
The crocodile is almost dead.
The crocodile barely misses you.
You hit the crocodile but do no damage.
The crocodile is almost dead.
The crocodile bites you!
You die...

# ## ## [
.#?)#
≈#.#.?
#.≈.#
##≈≈≈##
#t..≈.#
##@.≈≈.#
#...#≈..#
##..##
..# #..≈#
≈.# #..##
.# #.≈#
≈.# #..#
..# #≈≈##
#≈.#
#.≈.#
≈..#


You could see a crocodile.

Vanquished Creatures
  3 gnolls (D:2)
  3 adders (D:2)
  2 river rats (D:3)
  2 worms (D:2)
  4 dart slugs
  2 giant geckos (D:1)
  3 ball pythons
  3 giant cockroaches
  6 goblins
  3 hobgoblins (D:2)
  6 jackals
  5 kobolds
  A bat (D:2)
  A giant newt (D:2)
  6 rats
50 creatures vanquished.

Notes
Turn   | Place    | Note
--------------------------------------------------------------
     0 | D:1      | go0n the Troll Berserker began the quest for the Orb.
     0 | D:1      | Reached XP level 1. HP: 22/22 MP: 0/0
    63 | D:1      | Reached skill level 3 in Maces & Flails
   154 | D:1      | Reached XP level 2. HP: 28/29 MP: 1/1
   622 | D:2      | Found a snail-covered altar of Cheibriados.
   637 | D:2      | Reached ** piety under Trog
   695 | D:2      | Found a shadowy altar of Dithmenos.
   707 | D:2      | Reached XP level 3. HP: 35/36 MP: 2/2
   724 | D:2      | Found an ancient bone altar of Kikubaaqudgha.
  1008 | D:2      | Reached XP level 4. HP: 9/45 MP: 3/3
  1212 | D:2      | Found a sparkling altar of Nemelex Xobeh.
  1233 | D:2      | Found a blossoming altar of Fedhas.
  1570 | D:3      | Found a glowing drain.
  1577 | D:3      | Reached skill level 4 in Maces & Flails
  1632 | D:3      | Found a sacrificial altar of Ru.
  1654 | Sewer    | Entered a sewer
  1727 | Sewer    | Noticed a crocodile
  1740 | Sewer    | Slain by a crocodile

Skill      XL: |  1  2  3  4 |
---------------+-------------+-----
Maces & Flails | 3 4 |  4.2
Fighting       | 3 |  3.6
Dodging        | |  2.4

Action                   |  1- 3 |  4- 6 || total
-------------------------+-------+-------++-------
Melee: Mace              |    86 |   119 ||   205
Invok: Trog's Hand       |       |     1 ||     1
  Use: Scroll            |     1 |       ||     1
       Potion            |     2 |       ||     2
  Eat: Chunk             |     5 |     9 ||    14
       Pizza             |     1 |       ||     1
       Bread ration      |       |     1 ||     1
Armor: Animal skin       |    20 |    79 ||    99
       Robe              |    14 |       ||    14
Dodge: Dodged            |    45 |   112 ||   157
